 Dungeon Crawl Stone Soup version 0.27.1-2-g3b301248ec (webtiles) character file.

Game seed: 10897673195992658100

7247 Crownlay the Frost Mage (level 11, -5/81 HPs)
             Began as a Gnoll Ice Elementalist on Sept 23, 2021.
             Was a High Priest of Uskayaw.
             Slain by a slime creature (13 damage)
             ... on level 9 of the Dungeon.
             The game lasted 00:22:13 (10888 turns).

Crownlay the Frost Mage (Gnoll Ice Elementalist)   Turns: 10888, Time: 00:22:13

Health: -5/81      AC:  7    Str:  7    XL:     11   Next: 12%
Magic:  1/13       EV: 15    Int: 21    God:    Uskayaw [*****.]
Gold:   454        SH:  0    Dex: 14    Spells: 14/25 levels left

rFire    . . .     SeeInvis .   A - +2 short sword (elec)
rCold    + . .     Faith    +   (no shield)
rNeg     + + +     Spirit   .   C - +0 robe of Twilight {rElec rN+++ MP-9 Int+4}
rPois    .         Reflect  .   q - +0 helmet
rElec    +         Harm     .   o - +0 cloak
rCorr    .         Rampage  .   m - +0 pair of gloves
Will     .....                  l - +0 pair of boots
Stlth    ++++......             F - amulet of faith
HPRegen  0.23/turn              u - ring of protection from cold
MPRegen  0.13/turn              (no ring)

@: flying
A: fangs 1, strong nose, distributed training
a: Renounce Religion, Stomp, Line Pass, Grand Finale


You were on level 9 of the Dungeon.
You worshipped Uskayaw.
Uskayaw was noncommittal.
You visited 2 branches of the dungeon, and saw 10 of its levels.

You collected 454 gold pieces.

Inventory:

Hand Weapons
 A - a +2 short sword of electrocution (weapon)
 I - the +9 lance "Wyrmbane" {slay drac, rPois rF+ rC+ AC+3}
   (You took it off Maggie on level 9 of the Dungeon)

   It inflicts extra damage against dragons and draconians.
   AC:        It affects your AC (+3).
   rF:        It protects you from fire.
   rC:        It protects you from cold.
   rPois:     It protects you from poison.
Missiles
 a - 4 throwing nets
 p - 5 curare-tipped darts
Armour
 l - a +0 pair of boots (worn)
 m - a +0 pair of gloves (worn)
 o - a +0 cloak (worn)
 q - a +0 helmet (worn)
 C - the +0 robe of Twilight (worn) {rElec rN+++ MP-9 Int+4}
   (You found it on level 8 of the Dungeon)

   Int:       It affects your intelligence (+4).
   rElec:     It insulates you from electricity.
   rN:        It renders you almost immune to negative energy.
   MP:        It affects your magic capacity (-9).
Jewellery
 b - an amulet of reflection
 u - a ring of protection from cold (left hand)
 F - an amulet of faith (around neck)
 G - a +4 ring of protection
Wands
 r - a wand of flame (22)
Scrolls
 d - 2 scrolls of acquirement {unknown}
 f - 4 scrolls of amnesia
 g - 4 scrolls of immolation {unknown}
 j - a scroll of fog {unknown}
 n - 4 scrolls of teleportation
 t - 3 scrolls of noise
 v - 4 scrolls of enchant armour
 w - 2 scrolls of blinking
 y - 3 scrolls of fear {unknown}
 H - 3 scrolls of torment {unknown}
Potions
 c - a potion of brilliance {unknown}
 e - a potion of curing {unknown}
 h - 5 potions of flight
 i - 2 potions of mutation {unknown}
 k - a potion of heal wounds {unknown}
 s - a potion of berserk rage {unknown}
 x - 4 potions of resistance {unknown}
 z - a potion of attraction {unknown}
 B - a potion of magic {unknown}
 D - a potion of ambrosia {unknown}
 E - a potion of lignification {unknown}


   Skills:
 + Level 6.0 Fighting
 + Level 6.0 Short Blades
 + Level 6.0 Long Blades
 + Level 6.0 Axes
 + Level 6.0 Maces & Flails
 + Level 6.0 Polearms
 + Level 6.0 Staves
 + Level 6.0 Slings
 + Level 6.0 Bows
 + Level 6.0 Crossbows
 + Level 6.0 Throwing
 + Level 6.0 Armour
 + Level 7.6 Dodging
 + Level 7.4 Stealth
 + Level 6.0 Shields
 + Level 6.0 Unarmed Combat
 + Level 7.9 Spellcasting
 + Level 4.9 Conjurations
 + Level 4.9 Hexes
 + Level 4.9 Summonings
 + Level 4.9 Necromancy
 + Level 4.9 Translocations
 + Level 4.9 Transmutations
 + Level 4.9 Fire Magic
 + Level 8.8 Ice Magic
 + Level 4.9 Air Magic
 + Level 4.9 Earth Magic
 + Level 4.9 Poison Magic
 + Level 6.5 Invocations
 + Level 6.0 Evocations


You had 14 spell levels left.
You knew the following spells:

 Your Spells              Type           Power      Damage    Failure   Level
a - Freeze                Ice            100%       1d11      1%          1
b - Frozen Ramparts       Ice            90%        1d11      1%          3
c - Ozocubu's Armour      Ice            45%        N/A       1%          3
d - Hailstorm             Conj/Ice       37%        3d9       4%          4

Your spell library contained the following spells:

 Spells                   Type           Power      Damage    Failure   Level
 Apportation              Tloc           58%        N/A       1%          1
 Sting                    Tmut/Pois      100%       1d8       1%          1
 Poisonous Vapours        Pois/Air       58%        N/A       1%          2
 Conjure Flame            Conj/Fire      29%        6-21      3%          3
 Ignite Poison            Fire/Tmut/Pois 29%        N/A       3%          3
 Inner Flame              Hex/Fire       29%        N/A       3%          3
 Stone Arrow              Conj/Erth      58%        3d10      3%          3
 Animate Armour           Summ/Erth      58%        N/A       11%         4
 Cause Fear               Hex            14%        N/A       11%         4
 Olgreb's Toxic Radiance  Pois           29%        N/A       11%         4
 Sticky Flame             Conj/Fire      29%        2d5       11%         4
 Alistair's Intoxication  Tmut/Pois      19%        N/A       28%         5
 Invisibility             Hex            14%        N/A       85%         6
 Discord                  Hex            14%        N/A       100%        8
 Lehudib's Crystal Spear  Conj/Erth      14%        10d5      100%        8


Dungeon Overview and Level Annotations

Branches:
Dungeon (9/15)             Temple (1/1) D:7
   Lair: D:8-11         Orc: D:9-12

Altars:
Ashenzari
Fedhas
Gozag
Hepliaklqana
Nemelex Xobeh
Okawaru
Qazlal
Ru
Uskayaw
Wu Jian
Zin
The Shining One

Shops:
D:6 (::=


Innate Abilities, Weirdness & Mutations

You have very sharp teeth.
Your uncanny sense of smell can sniff out nearby items.
Your experience applies equally to all skills.


Message History

The wall freezes the slime creature!
The slime creature hits you.
* * * LOW HITPOINT WARNING * * *
You hit the slime creature.
Lightning courses through the slime creature!
The slime creature is severely wounded.
The wall freezes the slime creature!
The slime creature hits you.
* * * LOW HITPOINT WARNING * * *
You can now merge with and destroy a victim.
Okay, then.
You hit the slime creature.
Lightning courses through the slime creature!
You kill the slime creature!
Your Fighting skill increases to level 6!
Your Short Blades skill increases to level 6!
Your Long Blades skill increases to level 6!
Your Axes skill increases to level 6!
Your Maces & Flails skill increases to level 6!
Your Polearms skill increases to level 6!
Your Staves skill increases to level 6!
Your Slings skill increases to level 6!
Your Bows skill increases to level 6!
Your Crossbows skill increases to level 6!
Your Throwing skill increases to level 6!
Your Armour skill increases to level 6!
Your Shields skill increases to level 6!
Your Unarmed Combat skill increases to level 6!
Your Evocations skill increases to level 6!
Okay, then.
It was a potion of flight.
You feel very buoyant.
You fly up into the air.
The slime creature is no longer sharing its pain.
The wall freezes the slime creature!
The wall freezes the slime creature!
You barely miss the slime creature.
The slime creature is moderately wounded.
The wall freezes the slime creature.
The slime creature misses you.
You hit the slime creature.
The slime creature is moderately wounded.
The frozen ramparts melt away.
The slime creature hits you!
You die...

##...........
##.#.......... ..
#..##......... ..
....#)........# .##
.....#.......(. #..# #
.....#........ ...#.#
...#.#......## #......
...#.....#.## ###.......
.)##.##....####J@.......
#..#.......##..[........
#.............#.###.....
.............#### ....
.............# ...
................ ..
..............#.. .
.>#...........# ..
............#... .


You could see a slime creature.

Vanquished Creatures
  Harold (D:8)
  A two-headed ogre (D:9)
  Pikel (D:6)
  The ghost of MrNoob the Slasher, a novice MiBe of Trog (D:5)
  4 centaur zombies
  A gargoyle (D:5)
  Maggie (D:9)
  A troll (D:8)
  A hornet (D:7)
  Grinder (D:4)
  2 slime creatures (D:9)
  Sigmund (D:6)
  A vampire (D:9)
  A steam dragon (D:8)
  2 water moccasins
  A black bear (D:6)
  3 ice beasts
  2 necrophages
  An ogre (D:6)
  4 centaurs
  4 lemures (D:6)
  A kobold brigand (D:8)
  4 bullfrogs
  A gnoll sergeant (D:6)
  2 scorpions (D:5)
  A water moccasin zombie (D:7)
  A wyvern skeleton (D:5)
  4 howler monkeys
  3 wights (D:3)
  4 orc priests
  3 hounds
  A centaur skeleton (D:7)
  A jelly (D:5)
  An iguana (D:5)
  Natasha (thrice) (D:2)
  4 orc wizards
  A killer bee zombie (D:7)
  Robin (D:3)
  8 gnolls
  A howler monkey skeleton (D:7)
  7 adders
  2 shadow imps
  2 ufetubi
  A worm (D:4)
  30 orcs
  6 bats
  3 endoplasms
  A giant cockroach (D:2)
  7 goblins
  8 hobgoblins
  6 jackals
  4 quokkas
  5 ball pythons
  2 frilled lizards
  9 kobolds
  8 rats
181 creatures vanquished.

Vanquished Creatures (others)
  9 plants (D:8)
9 creatures vanquished.

Grand Total: 190 creatures vanquished

Notes
Turn   | Place    | Note
-------+----------+-------------------------------------------
     0 | D:1      | Crownlay the Gnoll Ice Elementalist began the quest for the
                  | Orb.
     0 | D:1      | Reached XP level 1. HP: 13/13 MP: 6/6
   579 | D:1      | Reached XP level 2. HP: 17/19 MP: 7/7
   629 | D:1      | Found a faded altar of an unknown god.
   984 | D:2      | Reached XP level 3. HP: 7/25 MP: 6/9
   984 | D:2      | HP: 1/25 [constriction (1)]
   991 | D:2      | Learned a level 3 spell: Frozen Ramparts
   995 | D:2      | Learned a level 3 spell: Ozocubu's Armour
  1286 | D:2      | Reached skill level 5 in Spellcasting
  1331 | D:2      | Noticed Natasha
  1337 | D:2      | Killed Natasha
  1338 | D:2      | Reached skill level 1 in Fighting
  1338 | D:2      | Reached skill level 1 in Short Blades
  1338 | D:2      | Reached skill level 1 in Long Blades
  1338 | D:2      | Reached skill level 1 in Axes
  1338 | D:2      | Reached skill level 1 in Maces & Flails
  1338 | D:2      | Reached skill level 1 in Polearms
  1338 | D:2      | Reached skill level 1 in Staves
  1338 | D:2      | Reached skill level 1 in Slings
  1338 | D:2      | Reached skill level 1 in Bows
  1338 | D:2      | Reached skill level 1 in Crossbows
  1338 | D:2      | Reached skill level 1 in Throwing
  1338 | D:2      | Reached skill level 1 in Armour
  1338 | D:2      | Reached skill level 1 in Shields
  1338 | D:2      | Reached skill level 1 in Unarmed Combat
  1338 | D:2      | Reached skill level 1 in Invocations
  1338 | D:2      | Reached skill level 1 in Evocations
  1387 | D:2      | Noticed Natasha
  1391 | D:2      | Killed Natasha
  1392 | D:2      | Reached XP level 4. HP: 18/32 MP: 3/11
  1394 | D:2      | Noticed Natasha
  1401 | D:2      | Killed Natasha
  1402 | D:2      | Reached skill level 1 in Conjurations
  1402 | D:2      | Reached skill level 1 in Hexes
  1402 | D:2      | Reached skill level 1 in Summonings
  1402 | D:2      | Reached skill level 1 in Necromancy
  1402 | D:2      | Reached skill level 1 in Translocations
  1402 | D:2      | Reached skill level 1 in Transmutations
  1402 | D:2      | Reached skill level 1 in Fire Magic
  1402 | D:2      | Reached skill level 1 in Air Magic
  1402 | D:2      | Reached skill level 1 in Earth Magic
  1402 | D:2      | Reached skill level 1 in Poison Magic
  1915 | D:2      | Reached XP level 5. HP: 29/37 MP: 8/12
  2086 | D:2      | Learned a level 4 spell: Hailstorm
  2982 | D:3      | Noticed Robin
  2996 | D:3      | Killed Robin
  3117 | D:3      | Reached XP level 6. HP: 29/44 MP: 7/13
  3124 | D:3      | Reached skill level 5 in Dodging
  4081 | D:4      | Found a sparkling altar of Nemelex Xobeh.
  4083 | D:4      | Found a sacrificial altar of Ru.
  4091 | D:4      | Noticed Grinder
  4119 | D:4      | Paralysed by Grinder for 4 turns
  4127 | D:4      | Paralysed by Grinder for 2 turns
  4163 | D:4      | Paralysed by Grinder for 2 turns
  4175 | D:4      | Killed Grinder
  4176 | D:4      | Reached XP level 7. HP: 5/51 MP: 3/15
  4787 | D:5      | Entered Level 5 of the Dungeon
  4820 | D:5      | Found a runed translucent door.
  4821 | D:5      | Noticed MrNoob's ghost (novice MiBe)
  4952 | D:5      | You fall into a shaft and drop 1 floor!
  4971 | D:6      | Reached skill level 5 in Stealth
  5131 | D:5      | Reached XP level 8. HP: 52/57 MP: 16/16
  5977 | D:5      | Noticed a gargoyle
  5997 | D:5      | Killed a gargoyle
  5998 | D:5      | Reached XP level 9. HP: 61/65 MP: 9/18
  6238 | D:5      | Killed MrNoob's ghost
  6303 | D:6      | Found Noqidab's Jewellery Shoppe.
  6333 | D:6      | Reached skill level 8 in Ice Magic
  6881 | D:6      | Found Aritz's Book Boutique.
  7008 | D:6      | Found an ornate altar of the Wu Jian Council.
  7020 | D:6      | Noticed Pikel
  7033 | D:6      | Killed Pikel
  7034 | D:6      | Reached skill level 5 in Invocations
  7134 | D:6      | Found Piq Ruis's Weapon Shoppe.
  7354 | D:6      | Found Docum's Book Shoppe.
  7427 | D:6      | Noticed Sigmund
  7451 | D:6      | Killed Sigmund
  7707 | D:7      | Reached XP level 10. HP: 65/73 MP: 12/20
  7909 | D:7      | Reached skill level 5 in Fighting
  7909 | D:7      | Reached skill level 5 in Short Blades
  7909 | D:7      | Reached skill level 5 in Long Blades
  7909 | D:7      | Reached skill level 5 in Axes
  7909 | D:7      | Reached skill level 5 in Maces & Flails
  7909 | D:7      | Reached skill level 5 in Polearms
  7909 | D:7      | Reached skill level 5 in Staves
  7909 | D:7      | Reached skill level 5 in Slings
  7909 | D:7      | Reached skill level 5 in Bows
  7909 | D:7      | Reached skill level 5 in Crossbows
  7909 | D:7      | Reached skill level 5 in Throwing
  7909 | D:7      | Reached skill level 5 in Armour
  7909 | D:7      | Reached skill level 5 in Shields
  7909 | D:7      | Reached skill level 5 in Unarmed Combat
  7909 | D:7      | Reached skill level 5 in Evocations
  8165 | D:7      | Found a glowing silver altar of Zin.
  8260 | D:7      | Found a staircase to the Ecumenical Temple.
  8276 | Temple   | Entered the Ecumenical Temple
  8404 | Temple   | Became a worshipper of Uskayaw the Reveller
  8516 | D:7      | Reached * piety under Uskayaw
  8572 | D:7      | Reached ** piety under Uskayaw
  8948 | D:7      | Found a glowing golden altar of the Shining One.
  9287 | D:8      | Reached *** piety under Uskayaw
  9289 | D:8      | Reached **** piety under Uskayaw
  9292 | D:8      | Reached ***** piety under Uskayaw
  9695 | D:8      | Identified the +0 robe of Twilight {rElec rN+++ MP-9 Int+4}
  9735 | D:8      | Noticed Harold
  9749 | D:8      | Killed Harold
 10011 | D:8      | Found a hazy altar of Hepliaklqana.
 10675 | D:9      | Noticed a two-headed ogre
 10687 | D:9      | Killed a two-headed ogre
 10688 | D:9      | Reached XP level 11. HP: 49/81 MP: 7/22
 10846 | D:9      | Noticed Maggie
 10868 | D:9      | Killed Maggie
 10888 | D:9      | Slain by a slime creature

Illustrated notes

Levels and vault maps discovered:
D:1:      minmay_arrival_checkered_box, layout_basic,
          hellmonk_ecumenical_altar_pennies_from_heaven
D:2:      layout_loops_ring, uniq_natasha
D:3:      layout_basic, guppyfry_early_lair_pool, uniq_robin
D:4:      layout_basic, chequers_temple_overflow_statue_of_worship, uniq_grinder
D:5:      layout_basic, ebering_ghost_reflecting_pool, amethyst_killhole
D:6:      layout_gridville, pdpol_wu_jian_five_deadly_venoms, serial_shops,
          nicolae_shop_behind_doors, nicolae_stop_n_shop_2, shop,
          nicolae_stop_n_shop_2, uniq_sigmund, uniq_pikel
D:7:      layout_cave_pods, zin_treasury, tso_altar,
          minmay_temple_entry_offerings
D:8:      layout_basic, nicolae_hepliaklqana_hazy_memory, uniq_harold
D:9:      layout_cave_pools, gammafunk_ghost_hydra_chop, uniq_maggie
Temple:   regret_index_temple_generic_petals

Skill      XL: |  1  2  3  4  5  6  7  8  9 10 11 |
---------------+----------------------------------+-----
Spellcasting   | 5 6 7 |  7.9
Fighting       | 1 2 3 4 5 6 |  6.0
Short Blades   | 1 2 3 4 5 6 |  6.0
Long Blades    | 1 2 3 4 5 6 |  6.0
Axes           | 1 2 3 4 5 6 |  6.0
Maces & Flails | 1 2 3 4 5 6 |  6.0
Polearms       | 1 2 3 4 5 6 |  6.0
Staves         | 1 2 3 4 5 6 |  6.0
Slings         | 1 2 3 4 5 6 |  6.0
Bows           | 1 2 3 4 5 6 |  6.0
Crossbows      | 1 2 3 4 5 6 |  6.0
Throwing       | 1 2 3 4 5 6 |  6.0
Armour         | 1 2 3 4 5 6 |  6.0
Shields        | 1 2 3 4 5 6 |  6.0
Unarmed Combat | 1 2 3 4 5 6 |  6.0
Invocations    | 1 2 3 4 5 6 |  6.5
Evocations     | 1 2 3 4 5 6 |  6.0
Conjurations   | 1 2 3 4 |  4.9
Hexes          | 1 2 3 4 |  4.9
Summonings     | 1 2 3 4 |  4.9
Necromancy     | 1 2 3 4 |  4.9
Translocations | 1 2 3 4 |  4.9
Transmutations | 1 2 3 4 |  4.9
Fire Magic     | 1 2 3 4 |  4.9
Air Magic      | 1 2 3 4 |  4.9
Earth Magic    | 1 2 3 4 |  4.9
Poison Magic   | 1 2 3 4 |  4.9
Dodging        | 5 6 7 |  7.6
Stealth        | 5 6 7 |  7.4
Ice Magic      | 8 |  8.8

Action                   |  1- 3 |  4- 6 |  7- 9 | 10-12 || total
-------------------------+-------+-------+-------+-------++-------
Melee: Spear             |    62 |    83 |       |       ||   145
       Bite              |     2 |     7 |    15 |    10 ||    34
       Dagger            |       |    72 |     6 |       ||    78
       Short sword       |       |       |   180 |   125 ||   305
       Punch             |       |       |     5 |     3 ||     8
Throw: Dart              |       |     4 |       |       ||     4
 Cast: Freeze            |     8 |     4 |    14 |     1 ||    27
       Frozen Ramparts   |     2 |    15 |    23 |    22 ||    62
       Ozocubu's Armour  |     1 |     6 |    18 |    14 ||    39
       Hailstorm         |       |       |       |     2 ||     2
Evoke: Wand              |       |       |       |     1 ||     1
  Use: Scroll            |       |       |     5 |       ||     5
       Potion            |       |       |       |     1 ||     1
 Stab: Sleeping          |     4 |     4 |     2 |     1 ||    11
       Distracted        |       |       |     1 |       ||     1
       Paralysed         |       |       |       |    12 ||    12
Armor: Robe              |     9 |    22 |    54 |    36 ||   121
Dodge: Dodged            |    56 |    97 |   122 |   104 ||   379
Block: Other             |    19 |    41 |    58 |     4 ||   122
       Reflection        |       |       |     1 |       ||     1
